Cogmind - Beta 14 @@@ ROGUE MODE // 2024.09.26 @ 14:16:31 Player: Kinga Result: Destroyed by G-34 Mercenary with Small Laser Performance ------------- Evolutions (0) 0 Regions Visited (1) 200 Robots Destroyed (11) 55 Value Destroyed (309) 309 Prototype IDs (0) 0 Alien Tech Used (0) 0 Bonus (0) 0 TOTAL SCORE: 564 Bonus ------- None Cogmind --------- Core Integrity 0/250 Matter 228/300 Energy 125/125 System Corruption 0% Temperature Cool (6) Movement Treading (160) Location -10/Materials Parts ------- > --- POWER (1) -------- Light Ion Engine > --- PROPULSION (2) --- Light Treads Light Treads > --- UTILITY (2) ------ Heat Sink Small Storage Unit > --- WEAPON (2) ------- Small Laser Light Cannon > --- INVENTORY (8) ---- Light Nuclear Core Light Treads Wheel Compact Wheel Light Cannon Light Cannon Peak State ------------ > --- POWER ------------ Light Ion Engine > --- PROPULSION ------- Light Treads Light Treads > --- UTILITY ---------- Heat Sink Small Storage Unit > --- WEAPON ----------- Small Laser Light Assault Rifle > --- INVENTORY -------- Light Ion Engine Light Nuclear Core Light Treads Wheel Compact Wheel Light Cannon Light Cannon Light Cannon [Rating: 8] Favorites ----------- Power Light Ion Engine Engine Light Ion Engine Propulsion Light Treads Treads Light Treads Utility Small Storage Unit Device Heat Sink Storage Small Storage Unit Weapon Light Assault Rifle Energy Gun Small Laser Ballistic Gun Light Assault Rifle Ballistic Cannon Light Cannon Build | -11 -10 ------- Run | Yrd Mat Slots Evolved . | . . Power . | . . Propulsion . | . . Utility . | . . Weapon . | . . Parts Attached 12 | 6 6 Power 2 | 1 1 Engine 2 | 1 1 Core . | . . Reactor . | . . Propulsion 3 | 2 1 Treads 3 | 2 1 Leg . | . . Wheel . | . . Hover . | . . Flight . | . . Utility 2 | 1 1 Device 1 | . 1 Storage 1 | 1 . Processor . | . . Hackware . | . . Protection . | . . Artifact . | . . Weapon 5 | 2 3 Energy Gun 2 | . 2 Energy Cannon . | . . Ballistic Gun 2 | 2 . Ballistic Cannon 1 | . 1 Launcher . | . . Special Weapon . | . . Impact Weapon . | . . Slashing Weapon . | . . Piercing Weapon . | . . Special Melee Weapon . | . . Unidentified Prototypes . | . . Parts Lost 3 | . 3 Power 1 | . 1 Propulsion . | . . Utility . | . . Weapon 2 | . 2 Highest Loss Streak 2 | . 2 To Critical Strikes . | . . Average Slot Usage (%) 95 | . 95 Engine 10 | . 10 Treads 28 | . 28 Device 12 | . 12 Storage 14 | . 14 Energy Gun 9 | . 9 Ballistic Gun 13 | . 13 Ballistic Cannon 4 | . 4 Peak Build Rating 8 | 6 8 Average Rating 6 | 4 6 On Entrance 3 | . 6 Naked Turns . | . . Heaviest Build 13 | 11 13 Greatest Support 40 | 40 40 Greatest Overweight (x) . | . . Average Overweight (x) . | . . Largest Inventory Capacity 8 | 8 8 Average Capacity 7 | 6 8 Most Carried 8 | 4 8 Average Carried 4 | 2 5 Final Capacity 8 | 8 8 Final Carried 6 | 4 6 Class Distribution -------------------- 100% | Mutant Dominant Class ---------------- Mutant | -10/Materials Resources | -11 -10 ----------- Run | Yrd Mat Matter Collected 377 | 241 136 Remotely . | . . Salvage Created 379 | . 379 Parts 18 | . 18 Haulers Intercepted 1 | . 1 Recyclers Shooed . | . . Parts Field Recycled . | . . Retrieved Matter . | . . Parts Self-Destructed . | . . Prevented . | . . Kills | -11 -10 ------- Run | Yrd Mat Combat Hostiles Destroyed 10 | . 10 Guns 7 | . 7 Cannons 3 | . 3 Classes Destroyed 3 | . 3 Hauler 1 | . 1 Swarmer 3 | . 3 Grunt 7 | . 7 Best Kill Streak 5 | . 5 Combat Bots Only 5 | . 5 Max Kills in Single Turn 1 | . 1 Gunslinging . | . . Exploded . | . . Melee . | . . Uniques/NPCs Destroyed . | . . Combat | -11 -10 -------- Run | Yrd Mat Hostile Shots Fired 129 | . 129 Missed 34 | . 34 Damage Taken 1067 | . 1067 Core 259 | . 259 Absorbed by Shields . | . . Core Remaining (%) 100 | 100 . Volleys Fired 47 | . 47 Largest 2 | . 2 Hottest 75 | . 75 Shots Fired 92 | . 92 Gun 74 | . 74 Cannon 18 | . 18 Launcher . | . . Special . | . . Kinetic 60 | . 60 Thermal 24 | . 24 Explosive . | . . Electromagnetic 8 | . 8 Robot Hit Streak 9 | . 9 Robot Miss Streak 5 | . 5 Penetration Max . | . . Secondary Targets 1 | . 1 Max Gunslinging Chain 1 | . 1 Shots Hit Robots 62 | . 62 Core Hits 21 | . 21 Critical Kills . | . . Critical Parts Destroyed 2 | . 2 Critical Strikes 3 | . 3 Destroy 2 | . 2 Blast 1 | . 1 Melee Attacks . | . . Impact . | . . Slashing . | . . Piercing . | . . Sneak Attacks . | . . Combat Hostiles . | . . Follow-up Attacks . | . . Damage Inflicted 837 | . 837 Guns 530 | . 530 Cannons 261 | . 261 Explosions 46 | . 46 Melee . | . . Ramming . | . . Kinetic 525 | . 525 Thermal 246 | . 246 Explosive . | . . Electromagnetic 66 | . 66 Impact . | . . Slashing . | . . Piercing . | . . Highest Corruption . | . . Average Corruption . | . . Corruption Purged . | . . Corruption Blocked . | . . Overload Shots . | . . Overflow Damage . | . . Projectiles . | . . Explosions . | . . Melee . | . . Knockbacks 2 | . 2 Impact . | . . Kinetic 2 | . 2 Secondary . | . . Self-Inflicted Damage 27 | . 27 Shots 1 | . 1 Rammed . | . . Targets Rammed . | . . Kicked . | . . Crushed . | . . Highest Temperature 24 | . 24 Average Temperature 8 | . 8 Received Heat Transfer 441 | . 441 Siege Activations . | . . Robots Corrupted . | . . Combat Hostiles . | . . Parts Fried 1 | . 1 Impact Corruptions . | . . Robots Melted . | . . Combat Hostiles . | . . Parts Melted . | . . Heat Transferred 500 | . 500 Parts Sabotaged . | . . Parts Stolen . | . . Parts Stripped . | . . Power Chain Reactions 1 | . 1 Alert | -11 -10 ------- Run | Yrd Mat Peak Influence 258 | . 258 Initial . | . . Average 86 | . 114 Maximum Alert Level 1 | . 1 Low Security (%) 83 | 100 78 Level 1 16 | . 21 Level 2 . | . . Level 3 . | . . Level 4 . | . . Level 5 . | . . High Security . | . . Max Security . | . . Squads Dispatched 1 | . 1 Investigation . | . . Extermination . | . . Reinforcement 1 | . 1 Assault . | . . Garrison . | . . Intercept . | . . Searches Triggered . | . . Construction Impeded . | . . Haulers Reinforced . | . . Active Scanning Responses . | . . Cargo Convoy Interrupts . | . . Stealth | -11 -10 --------- Run | Yrd Mat Distress Signals . | . . Communications Jammed . | . . Distress Signals . | . . Times Spotted 15 | . 15 Peak Tracking Total 5 | . 5 Tactical Retreats 1 | . 1 Traps | -11 -10 ------- Run | Yrd Mat Traps Triggered . | . . Indirectly . | . . Trap Hack Attempts . | . . Triggered . | . . Disarmed . | . . Reprogrammed . | . . Reused . | . . Traps Extracted . | . . Installed . | . . Triggered . | . . Machines | -11 -10 ---------- Run | Yrd Mat Machines Disabled . | . . Max in Single Turn . | . . Machines Repaired . | . . Machines Dismantled . | . . Machines Sabotaged . | . . Overloaded Fab Kills . | . . Hacking | -11 -10 --------- Run | Yrd Mat Machines Accessed . | . . Terminals . | . . Fabricators . | . . Repair Stations . | . . Recycling Units . | . . Scanalyzers . | . . Garrison Access . | . . Total Hacks . | . . Successful . | . . Failed . | . . Catastrophic . | . . Database Lockouts . | . . Manual . | . . Terminals . | . . Fabricators . | . . Repair Stations . | . . Recycling Units . | . . Scanalyzers . | . . Garrison Access . | . . Terminal Hacks . | . . Fabricator Hacks . | . . Repair Station Hacks . | . . Recycling Unit Hacks . | . . Scanalyzer . | . . Garrison Access Hacks . | . . Unauthorized Hacks . | . . Terminals . | . . Fabricators . | . . Repair Stations . | . . Recycling Units . | . . Scanalyzers . | . . Garrison Access . | . . Data Cores Recovered . | . . Used . | . . Hacking Detections . | . . Full Trace Events . | . . Feedback Events . | . . Feedback Blocked . | . . Robot Schematics Acquired . | . . Robots Built . | . . Authchips . | . . Time . | . . Total Robot Build Rating . | . . Part Schematics Acquired . | . . Parts Built . | . . Authchips . | . . Time . | . . Total Part Build Rating . | . . Parts Repaired . | . . Time . | . . Parts Recycled . | . . Recycled Matter . | . . Retrieved Matter . | . . Retrieved Components . | . . Parts Scanalyzed . | . . Part Schematics Acquired . | . . Parts Damaged . | . . Bothacking | -11 -10 ------------ Run | Yrd Mat Used RIF Installer . | . . Robots Hacked . | . . Non-combat . | . . Combat . | . . Robot Hacks Applied . | . . Relay Couplers Released . | . . Fabnet Peak Effective % . | . . Robots Rewired . | . . Allies Hacked . | . . Hacks Repelled . | . . Allies | -11 -10 -------- Run | Yrd Mat Total Allies . | . . Largest Group . | . . Highest-Rated Group . | . . Highest-Rated Ally . | . . Total Orders . | . . Ally Attacks . | . . Total Damage . | . . Kills . | . . Allies Corrupted . | . . Allies Melted . | . . Intel | -11 -10 ------- Run | Yrd Mat Robot Analysis Total . | . . Derelict Logs Recovered . | . . Drone Launches . | . . Drone Recoveries . | . . Exploration | -11 -10 ------------- Run | Yrd Mat Turns Passed 402 | 96 306 Spaces Moved 155 | 54 101 Core 2 | 2 . Treads 153 | 52 101 Legs . | . . Wheels . | . . Hover . | . . Flight . | . . Fastest Speed 50 | 50 160 Average Speed 158 | 155 160 Slowest Speed 160 | 160 160 Overloaded Moves . | . . Propulsion Burnouts . | . . Robots Hopped . | . . Cave-ins Triggered . | . . Exploration Rate (%) 18 | 4 33 Regions Visited 1 Branch Regions . Pre-discovered Areas . | . . Known Exits Taken . | . . Unknown Exits Taken 1 | 1 . Scrap Searched . | . . Spaces Dug . | . . Terrain Destroyed 1 | . 1 Melee . | . . Projectile . | . . AOE 1 | . 1 Terrain Rammed . | . . Walls Destroyed . | . . Machines Disabled . | . . Actions | -11 -10 --------- Run | Yrd Mat Total 221 | 63 158 Wait . | . . Move 154 | 53 101 Hop . | . . Pick Up 8 | 4 4 Fast Attach 7 | 6 1 Attach 3 | . 3 Detach . | . . Swap 2 | . 2 Drop . | . . Fire 47 | . 47 Melee . | . . Ram . | . . Kick . | . . Crush . | . . Escape Stasis . | . . Rewire . | . . Trap . | . . Miscellaneous . | . . Route ------- -11/Scrapyard -10/Materials (discovered 1 exit: [*Min]) History --------- Turn | Location | Event 55 | -11/Scrapyard | Discovered new exit (range 15) 97 | -11/Scrapyard | Entered Materials 199 | -10/Materials | Core integrity fell below 50% 227 | -10/Materials | Discovered new exit (range 8) 314 | -10/Materials | Core integrity fell below 20% 322 | -10/Materials | Build established: Mutant 403 | -10/Materials | Destroyed by G-34 Mercenary with Small Laser Last Messages --------------- 00302_ S-10 Pest destroyed. 00305_ G-47 Trooper knocked back. 00317_ G-47 Trooper destroyed. 00319_ R-06 Scavenger collects Flight Unit. 00320_ G-34 Mercenary Ion Engine blasted off. 00323_ R-06 Scavenger collects Imp. Heat Sink. 00332_ G-34 Mercenary destroyed. 00338_ S-10 Pest destroyed. 00346_ Acquired 16 matter. 00348_ Acquired 4 matter. 00375_ K-01 Serf collects debris. 00378_ T-07 Excavator is excavating. 00379_ K-01 Serf collects debris. 00381_ U-05 Engineer lays Concrete. 00381_ U-05 Engineer builds a Wall. 00382_ T-07 Excavator is excavating. 00382_ U-05 Engineer lays Concrete. 00382_ K-01 Serf collects debris. 00395_ G-47 Trooper destroyed. 00395_ K-01 Serf collects debris. Map ----- +----------------------------------------------------+ | ????????????????????????????????????# #????? | | ????????????????????????????????????# #????? | | ????????????????????????????????????# #????? | | ????????????????????????????????????# #????? | | ????????????????????????????????????# ###### | | ????????????????????????????????????# ! ^ | | ????????????????????????????????????# | | ????????????????????????????????????# """ " | | ????????????????????????????????????#^ """ " | | ????????????????????????????????????# ^ """ " | | ????????????????????????????????????# %^ | | ??????????????????????????????????### | | ??????????????????????????????????# | | ??????????????????????????????????# % | | ???????????????????????????# + = | | ???????????????????????????######## ##### | | ?????????????????????????????????## #######+ | | ????????????????#######??????????# "# | | ????????????????? #???""?????# ""# | | ????????????????? % k +???""" ???# ||# """ | | ?????????????????? % #?? ??# %<* ""# """ | | ??????????????????#g #?"" =! ???# [ ||# """ | | ??????????????????#% # "T !?????# ""# """ | | ??????????????????#! # ""???????# "# """ | | ??????????????????# + ?????????## ####???? | | ??????????????????# @############# ######?? | | ??????????????????# #?? | | ??????????????????# +?? | | ??????????????????# % #?? | | ??????????????????# #############% % #?? | | ??????????######### u# #????# %*% % #?? | | ??????????# + #???# % +?? | | ??????????# = "T" # # #???# % #?? | | ??????????# # # ##???# #?? | | ??????????#######?# #?#????# ##+######?? | | ??????????????????##+##########[ ##?????????? | | ??????????????????# T #?# #??????????? | | ??????????????????# ### #??????????? | | ??????????????????# + #??????????? | | ??????????????????# ### #??????????? | | ??????????????????# """ """ #?# #??????????? | | ??????????????????# """ """ #?# #??????????? | | ??????????????????# """ """ #?# #??????????? | | ??????????????????# #?# #??????????? | | ??????????????????#####+#####?# ??????????? | | ?????????????????????????????? ?????????? | | ?????????????????????????????? ????????? | | ??????????????????????????????#######????????? | | ?????????????????????????????????????????????? | | ?????????????????????????????????????????????? | +----------------------------------------------------+ Best States ------------- Heat Dissipation 35 Energy Generation 10 Energy Capacity 125 Matter Stores 300 Matter Capacity 300 Sight Range 16 Terrain Scan Density 10 Evasion (%) 40 Recoil Reduction 2 Item Schematics ----------------- None Robot Schematics ------------------ None Fabricated ------------ Nothing Alien Tech Used ----------------- None Achievements -------------- None Challenges ------------ None Game ------ Seed GravitonThermalCorpse Manual? 0 Play Time 00:03:56 Cumulative 96.4 hours Start 2024.09.26 @ 14:14:22 End 2024.09.26 @ 14:16:31 Sessions 1 Manual Loads 0 Difficulty Rogue Special Mode None Game No. 111 Rogue 107 Adventurer 0 Explorer 4 Win Type - Total 6 Types 4/0/0/2/0/0/0/0/0 Lore% 43 Gallery% 63 Achievement% 56 Wizard Run 0 Options --------- Layout 0 ASCII 0 Keyboard 0 Movement Numpad Keybinds 0 Fullscreen 2 Font 18/SmallcapsGlow Map View 76x50 Zoom Use 0% Tactical HUD 1 Map Filters NONE Filters NONE Steam 1 RUN: 609f96b5-4565-401a-85db-3c7cc975361c